 Dungeon Crawl Stone Soup version 0.29.1-12-g30fa7ad0bf (webtiles) character file.

Game seed: 2044179635881983105

497 GeoRichter the Cleaver (level 7, -1/94 HPs)
             Began as a Hill Orc Berserker on Dec 22, 2022.
             Was a Believer of Trog.
             Slain by Duvessa
             ... wielding a +0 rapier of electrocution
              (20 damage)
             ... on level 4 of the Dungeon.
             The game lasted 00:05:00 (4351 turns).

GeoRichter the Cleaver (Hill Orc Berserker)         Turns: 4351, Time: 00:05:00

Health: -1/94      AC:  7    Str: 24    XL:     7   Next: 15%
Magic:  7/7        EV: 10    Int:  7    God:    Trog [**....]
Gold:   197        SH:  0    Dex: 10    Spells: 6/6 levels left

rFire   . . .      SeeInvis +   b - +0 morningstar
rCold   . . .      Faith    .   (no shield)
rNeg    . . .      Spirit   .   q - +1 scale mail
rPois   +          Reflect  .   (no helmet)
rElec   .          Harm     .   (no cloak)
rCorr   .          Rampage  .   (no gloves)
Will    .....                   (no boots)
Stlth   ..........              (no amulet)
HPRegen 0.25/turn               u - +4 ring of slaying
MPRegen 0.10/turn               y - ring "Tanacoco" {rPois Str+2 SInv}

@: berserking, very quick
A: no striking features
a: Renounce Religion, Berserk, Trog's Hand


You were on level 4 of the Dungeon.
You worshipped Trog.
Trog was pleased with you.
You visited 1 branch of the dungeon, and saw 4 of its levels.

You collected 197 gold pieces.

Inventory:

Hand Weapons
 a - a +0 hand axe
 b - a +0 morningstar (weapon)
   (You took it off an orc on level 3 of the Dungeon)
Missiles
 j - 49 stones (quivered)
Armour
 q - a +1 scale mail (worn)
   (You took it off Terence on level 2 of the Dungeon)
Jewellery
 u - a +4 ring of slaying (left hand)
   (You found it on level 4 of the Dungeon)
 w - the ring "Ipys" {Fly rElec rC+ Int+2 Dex-4}
   (You found it on level 3 of the Dungeon)

   [ring of protection from cold]

   Int:       It affects your intelligence (+2).
   Dex:       It affects your dexterity (-4).
   rC:        It protects you from cold.
   rElec:     It insulates you from electricity.
   Fly:       It grants you flight.
 y - the ring "Tanacoco" (right hand) {rPois Str+2 SInv}
   (You found it on level 4 of the Dungeon)

   [ring of see invisible]

   Str:       It affects your strength (+2).
   rPois:     It protects you from poison.
   SInv:      It lets you see invisible.
Scrolls
 c - 5 scrolls of enchant armour
 e - a scroll of identify {@r1}
 g - 4 scrolls of teleportation {@r4}
 h - a scroll of poison {unknown}
 i - a scroll of immolation {unknown}
 o - 2 scrolls of brand weapon
 r - a scroll of summoning {unknown}
 t - a scroll of blinking {unknown}
 x - a scroll of magic mapping {unknown}
Potions
 d - a potion of mutation {unknown}
 f - 3 potions of attraction {!q}
 k - a potion of haste {@q3}
 l - a potion of ambrosia {unknown}
 m - 3 potions of flight
 n - a potion of lignification {unknown}
 p - a potion of resistance
 s - a potion of heal wounds {unknown}
 v - a potion of brilliance {unknown}
 z - a potion of might {unknown}


   Skills:
 + Level 6.2 Fighting
 * Level 8.8 Axes
 - Level 2.1 Armour
 - Level 1.5 Dodging


You had 6 spell levels left.
You didn't know any spells.
Your spell library was empty.

Dungeon Overview and Level Annotations

Branches:
Dungeon (4/15) Zot: 19613
 Temple: D:4-7

Altars:
Gozag
Kikubaaqudgha
Xom
The Shining One

Shops:
D:4 [

Annotations:
D:3 3 runed translucent doors, Voland's ghost, amateur TeHW; raetorn's ghost, weakling DjHW
D:4 Duvessa


Message History

You are no longer poisoned.
Found a trident.
Found Baweenti's Armour Emporium.
A - the +3 whip of Cairyish {holy, rF+ Will- Str+5} You drop the +3 whip of Cairyish {holy, rF+ Will- Str+5}.
You see here a +0 trident.
There is an entrance to Baweenti's Armour Emporium here.
An adder comes into view.
The adder hisses angrily.
An adder is nearby!
An adder is nearby!
The adder closely misses you. The adder bites you.
You hit the adder. The adder bites you but does no damage.
You barely miss the adder. The adder bites you but does no damage.
The adder closely misses you.
You puncture the adder! The adder bites you. The adder barely misses you.
You sock the adder!
You kill the adder!
Trog accepts your kill.
No target in view!
You see here an adder corpse.
Dowan, Brother of Duvessa comes into view.
He is wielding a +0 dagger.
Dowan shouts!
You hear a shout!
Dowan drinks a potion.
Dowan seems to speed up.
An endoplasm comes into view.
Duvessa, Sister of Dowan comes into view.
She is wielding a +0 rapier of electrocution and wearing a +2 leather armour of cold resistance.
You impale Dowan!!
Dowan points at you and mumbles some strange words.
The puff of frost hits you.
Dowan says, "Magic and the sword, together, will defeat you."
Dowan hits you but does no damage.
You sock Dowan!
You kill Dowan!
Trog accepts your kill.
Trog appreciates your killing of a magic user.
Duvessa weeps, and shakes her weapon.
Duvessa goes berserk!
Duvessa rages.
Duvessa hits you with a +0 rapier of electrocution!
A red film seems to cover your vision as you go berserk!
You feel yourself moving faster!
You feel mighty!
Duvessa hits you with a +0 rapier of electrocution!
You hit Duvessa. Duvessa closely misses you.
Duvessa hits you with a +0 rapier of electrocution.
You are electrocuted!
* * * LOW HITPOINT WARNING * * *
You barely miss Duvessa.
Duvessa hits you with a +0 rapier of electrocution!
* * * LOW HITPOINT WARNING * * *
You are electrocuted!!
You die...

......# #.[.#.#
... ......#### #.#
.........#### #.#
.###..##.#.. ...
.........#.# #.#
.###..##.#.#####J#
.###..##....).##e#
.........#.##.##@#
.#.##.####.##.##.#
.#.##.# ##.......#
......# #.......##
.....## #)###.#.#
.....# #∩###.#.#
.....# #.##..#.#
.....# #.##.##.#
##### #..†....#


You could see Duvessa (berserk) and an endoplasm.

Vanquished Creatures
  Menkaure (D:4)
  2 scorpions (D:4)
  Dowan (D:4)
  A howler monkey (D:4)
  Terence (D:2)
  8 adders
  A worm (D:2)
  3 dart slugs
  2 orcs (D:3)
  6 ball pythons
  6 endoplasms
  2 giant cockroaches (D:1)
  6 goblins
  6 hobgoblins
  3 quokkas
  7 bats
  A frilled lizard (D:1)
  10 kobolds
  6 rats
73 creatures vanquished.

Vanquished Creatures (others)
  A plant (D:3)
  6 withered plants (D:3)
7 creatures vanquished.

Grand Total: 80 creatures vanquished

Notes
Turn   | Place    | Note
-------+----------+-------------------------------------------
     0 | D:1      | GeoRichter the Hill Orc Berserker began the quest for the
                  | Orb.
     0 | D:1      | Reached XP level 1. HP: 19/19 MP: 1/1
   152 | D:1      | Reached XP level 2. HP: 12/27 MP: 2/2
   636 | D:1      | Found a faded altar of an unknown god.
   925 | D:1      | Reached ** piety under Trog
   926 | D:1      | Reached skill level 5 in Axes
   928 | D:1      | Reached XP level 3. HP: 29/33 MP: 3/3
  1947 | D:2      | Reached XP level 4. HP: 41/41 MP: 4/4
  1995 | D:2      | Found a shimmering altar of Xom.
  2002 | D:2      | Noticed Terence
  2010 | D:2      | Killed Terence
  2011 | D:2      | Reached skill level 6 in Axes
  2467 | D:3      | Found an opulent altar of Gozag.
  3164 | D:3      | Found an ancient bone altar of Kikubaaqudgha.
  3164 | D:3      | Found a glowing golden altar of the Shining One.
  3183 | D:3      | Found a runed translucent gate.
  3184 | D:3      | Found a runed translucent gate.
  3184 | D:3      | Found a runed translucent gate.
  3186 | D:3      | Noticed Voland's ghost (amateur TeHW)
  3186 | D:3      | Noticed raetorn's ghost (weakling DjHW)
  3278 | D:3      | Identified the ring "Ipys" {Fly rElec rC+ Int+2 Dex-4}
  3440 | D:4      | Noticed Menkaure
  3441 | D:4      | Reached XP level 5. HP: 45/47 MP: 5/5
  3477 | D:4      | Killed Menkaure
  3478 | D:4      | Reached skill level 5 in Fighting
  3478 | D:4      | Reached skill level 7 in Axes
  3478 | D:4      | Reached XP level 6. HP: 13/56 MP: 6/6
  3995 | D:4      | Identified the ring "Tanacoco" {rPois Str+2 SInv}
  4059 | D:4      | Reached skill level 8 in Axes
  4208 | D:4      | Reached XP level 7. HP: 60/63 MP: 7/7
  4252 | D:4      | Found Baweenti's Armour Emporium.
  4254 | D:4      | Identified the +3 whip of Cairyish {holy, rF+ Will- Str+5}
  4344 | D:4      | Noticed Dowan
  4345 | D:4      | Noticed Duvessa
  4348 | D:4      | Killed Dowan
  4351 | D:4      | Slain by Duvessa

Illustrated notes

Levels and vault maps discovered:
D:1:      dpeg_arrival_subterranean_lakeside_camping, layout_loops_ring,
          shapermc_ecumenical_altar_rom_forum, grunt_decor_junction,
          hangedman_decor_peaks_small
D:2:      layout_rooms, basic_altar, minivault_11, uniq_terence
D:3:      layout_loops_ring, grunt_gozag_breadcrumbs,
          gammafunk_temple_overflow_wave, gammafunk_ghost_cemetery,
          chequers_avenue, guppyfry_early_lair_pool
D:4:      layout_loops_cross, serial_shops, shop, kennysheep_generic_room_8,
          uniq_menkaure, uniq_crazy_yiuf_cottage, uniq_duvessa

Skill      XL: |  1  2  3  4  5  6 |
---------------+-------------------+-----
Fighting       | 4 5 6 |  6.2
Axes           | 5 6 7 8 |  8.8
Armour         | |  2.1
Dodging        | |  1.5

Action                   |  1- 3 |  4- 6 |  7- 9 || total
-------------------------+-------+-------+-------++-------
Melee: Hand axe          |    91 |    85 |       ||   176
       Punch             |     1 |     1 |       ||     2
       Morningstar       |       |    38 |     8 ||    46
Throw: Stone             |     8 |       |       ||     8
Invok: Berserk           |       |     2 |     1 ||     3
       Trog's Hand       |       |     1 |       ||     1
  Use: Scroll            |       |     5 |       ||     5
Armor: Animal skin       |    24 |       |       ||    24
       Scale mail        |       |    53 |     3 ||    56
Dodge: Dodged            |    62 |    68 |     4 ||   134
